 Dungeon Crawl Stone Soup version 0.25-a0-785-gb22c70e859 (webtiles) character file.

Game seed: 8341156690212612274, levelgen mode: deterministic

596 Esekla the Slasher (level 7, 0/45 HPs)
             Began as an Octopode Warper on Apr 17, 2020.
             Was a Believer of Kikubaaqudgha.
             Slain by a centaur
             ... wielding a +0 dagger
              (10 damage)
             ... on level 5 of the Dungeon.
             The game lasted 00:24:39 (4720 turns).

Esekla the Slasher (Octopode Warper)                Turns: 4720, Time: 00:24:40

Health: 0/45       AC:  1    Str: 10    XL:     7   Next: 40%
Magic:  3/10       EV: 14    Int: 18    God:    Kikubaaqudgha [**....]
Gold:   82         SH:  0    Dex: 11    Spells: 2/10 levels left

rFire    . . .     SeeInvis .   v - +2 dagger (venom)
rCold    . . .     Gourm    .   (no shield)
rNeg     . . .     Faith    .   (helmet restricted)
rPois    .         Spirit   .   (no amulet)
rElec    .         Reflect  .   (no ring)
rCorr    +         Harm     .   u - ring of resist corrosion
MR       .....                  (no ring)
Stlth    +++.......             (no ring)
HPRegen  0.15/turn              (no ring)
MPRegen  0.12/turn              (no ring)
                                (no ring)
                                (no ring)

@: very slightly contaminated
A: almost no armour, stealthy swim, amphibious, 8 rings, constrict 8, camouflage
1, gelatinous body 1
a: Receive Corpses, Renounce Religion


You were on level 5 of the Dungeon.
You worshipped Kikubaaqudgha.
Kikubaaqudgha was pleased with you.
You were hungry.

You visited 1 branch of the dungeon, and saw 5 of its levels.
You also visited: Sewer.

You collected 82 gold pieces.

Inventory:

Hand Weapons
 a - a +0 falchion
 e - a +1 dagger of electrocution
 p - a +1 dagger of protection
 v - a +2 dagger of venom (weapon)
Missiles
 d - 5 boomerangs of dispersal
 n - 8 boomerangs (quivered)
Jewellery
 m - an uncursed ring of teleportation
 u - a ring of resist corrosion (right tentacle)
Scrolls
 c - a scroll of blinking
 g - a scroll of teleportation {unknown}
 h - a scroll of amnesia
 j - a scroll of remove curse
 l - a scroll of immolation {unknown}
 o - a scroll of enchant weapon {unknown}
Potions
 b - 2 potions of brilliance
 i - a potion of degeneration {unknown}
 k - a potion of resistance {unknown}
 q - 2 potions of lignification
 r - 2 potions of stabbing
 s - a potion of curing
 t - 2 potions of flight
Comestibles
 f - 3 rations


   Skills:
 + Level 2.9 Fighting
 + Level 2.1(3.5) Short Blades
 * Level 4.3(4.6) Long Blades
 + Level 1.4 Throwing
 + Level 3.3 Dodging
 + Level 2.8 Stealth
 + Level 2.4 Spellcasting
 * Level 2.6 Charms
 * Level 2.3 Necromancy
 + Level 3.1 Translocations


You had 2 spell levels left.
You knew the following spells:

 Your Spells              Type           Power        Failure   Level  Hunger
a - Apportation           Tloc           ##....       4%          1    #......
b - Blink                 Tloc           N/A          7%          2    ##.....
d - Vampiric Draining     Necr           ##........   21%         3    ###....
g - Shroud of Golubria    Chrm/Tloc      ##....       8%          2    ##.....

Your spell library contained the following spells:

 Spells                   Type           Power        Failure   Level  Hunger
 Pain                     Necr           ##..         7%          1    #......
 Sublimation of Blood     Necr           ##........   10%         2    ##.....
 Corpse Rot               Necr/Air       N/A          16%         2    ##.....
 Gell's Gravitas          Tloc           ##........   14%         3    ###....
 Lesser Beckoning         Tloc           ##........   14%         3    ###....
 Teleport Other           Tloc           ##......     14%         3    ###....
 Passage of Golubria      Tloc           N/A          43%         4    #####..


Dungeon Overview and Level Annotations

Branches:
Dungeon (5/15)             Temple (0/1) D:5           Sewer (visited)

Altars:
Dithmenos
Kikubaaqudgha
Sif Muna
The Shining One


Innate Abilities, Weirdness & Mutations

You cannot wear most types of armour.
You are very stealthy in the water. (Stealth+)
You are amphibious.
You can wear up to eight rings at the same time.
You can use your tentacles to constrict eight enemies at once.
Your skin changes colour to match your surroundings (Stealth+).
Your rubbery body absorbs attacks. (AC +1, EV +1)


Message History

The sky beast closely misses you. The centaur hits you with a +0 dagger.
* * * LOW HITPOINT WARNING * * *
The hound skeleton bites you.
* * * LOW HITPOINT WARNING * * *
Casting: Vampiric Draining (slightly dangerous; 22% risk of failure)
Confirm with . or Enter, or press ? or * to list all spells.
Aiming: Vampiric Draining (slightly dangerous; 22% risk of failure)
Press: ? - help, Shift-Dir - straight line, f/p - sky beast
Aim: a sky beast (severely wounded, very poisoned)
The sky beast is almost dead.
You feel life coursing into your body.
You kill the sky beast!
Kikubaaqudgha accepts your kill. The centaur hits you with a +0 dagger.
* * * LOW HITPOINT WARNING * * *
The hound skeleton barely misses you.
It was a potion of curing.
You feel better. The centaur hits you with a +0 dagger!
You die...
Kikubaaqudgha rasps: "You have failed me!
Welcome... death!"

.. #....+....# .#
#.#.......#####
Z.###............# #
...#...#.........# .#.
#.....#.....†....#
...#####.>.#####..†...<#
##....#.....#....†######
.....#.cZ#...#....#
.......@###.......#
.......#(#.#......#
.........#........#
.........#..#.....#
.###.###..........#
#.#...........## .
#...........# ..
#...........#
+...........#


You could see a centaur and a hound skeleton.

Vanquished Creatures
  A sky beast (D:5)
  A big kobold (Sewer)
  A scorpion (D:4)
  A centaur zombie (D:5)
  A bullfrog skeleton (D:4)
  3 orc wizards
  A worker ant (D:2)
  A hound skeleton (D:4)
  4 gnolls (D:2)
  4 adders
  A river rat (Sewer)
  5 worms
  7 dart slugs
  4 leopard geckos
  4 orcs (D:4)
  8 giant cockroaches
  8 hobgoblins
  7 jackals
  2 quokkas (D:2)
  4 ball pythons
  7 bats
  4 frilled lizards
  7 goblins
  11 kobolds
  13 rats
  A plant (D:2)
111 creatures vanquished.

Notes
Turn   | Place    | Note
-------+----------+-------------------------------------------
     0 | D:1      | Esekla the Octopode Warper began the quest for the Orb.
     0 | D:1      | Reached XP level 1. HP: 14/14 MP: 3/3
    82 | D:1      | Reached XP level 2. HP: 15/19 MP: 5/5
   260 | D:1      | Learned a level 2 spell: Shroud of Golubria
   263 | D:1      | Learned a level 2 spell: Blink
   316 | D:1      | Reached XP level 3. HP: 17/24 MP: 6/6
   701 | D:2      | Reached skill level 1 in Charms
  1394 | D:2      | Reached skill level 3 in Long Blades
  1394 | D:2      | Reached XP level 4. HP: 30/30 MP: 7/7
  1750 | D:2      | Reached XP level 5. HP: 27/35 MP: 8/8
  2020 | D:2      | Found a faded altar of an unknown god.
  2028 | D:2      | Reached skill level 1 in Stealth
  2041 | D:2      | Became a worshipper of Kikubaaqudgha
  2041 | D:2      | Reached * piety under Kikubaaqudgha
  2041 | D:2      | Identified Kikubaaqudgha's Almanac of Unholy Magic
                  | (Kikubaaqudgha gifted it to you on level 2 of the Dungeon)
  2041 | D:2      | Received a gift from Kikubaaqudgha
  2047 | D:2      | Learned a level 3 spell: Vampiric Draining
  2149 | D:2      | Found a glowing golden altar of the Shining One.
  2518 | D:2      | Found a shadowy altar of Dithmenos.
  2667 | D:3      | Found a glowing drain.
  2743 | D:3      | Found a shimmering blue altar of Sif Muna.
  2987 | Sewer    | Entered a sewer
  3331 | Sewer    | Noticed a big kobold
  3381 | Sewer    | Reached ** piety under Kikubaaqudgha
  3407 | Sewer    | Killed a big kobold
  3407 | Sewer    | Reached skill level 1 in Short Blades
  3407 | Sewer    | Reached skill level 4 in Long Blades
  3407 | Sewer    | Reached skill level 1 in Necromancy
  3407 | Sewer    | Reached XP level 6. HP: 31/41 MP: 9/9
  3635 | Sewer    | Found a white marble altar of Elyvilon.
  3806 | D:3      | Identified Sif Muna's Tome of the Compass
  3815 | D:3      | Learned a level 1 spell: Apportation
  4123 | D:4      | Reached XP level 7. HP: 45/45 MP: 10/10
  4515 | D:5      | Entered Level 5 of the Dungeon
  4522 | D:5      | Found a staircase to the Ecumenical Temple.
  4720 | D:5      | Slain by a centaur

Levels and vault maps discovered:
D:1:      erik_arrival_blinker_ship, layout_basic, minmay_hedge_maze
D:2:      layout_loops_ring, marbit_many_paths, lemuel_doored_altar,
          serial_bayou, serial_bayou_lake_a, serial_bayou_lagoon_a,
          serial_bayou_shore_b, serial_bayou_shore_b,
          chequers_ecumenical_altar_simple_redux
D:3:      layout_basic, overflow_temple_1_default,
          cheibrodos_sewer_entry_sluice, led_sif_book
D:4:      kennysheep_six_static_rooms, layout_basic, first_ration,
          gammafunk_ghost_cemetery, uniq_edmund, uniq_sigmund, uniq_ijyb
D:5:      layout_gridville, minmay_temple_entry_arrows, kennysheep_diamond,
          yredelemnul_altar_generic, uniq_eustachio

Skill      XL: |  1  2  3  4  5  6  7 |
---------------+----------------------+-----
Charms         | 1 2 |  2.6
Long Blades    | 3 4 |  4.3
Stealth        | 1 2 |  2.8
Dodging        | 3 |  3.3
Short Blades   | 1 2 |  2.1
Necromancy     | 1 2 |  2.3
Fighting       | |  2.9
Throwing       | |  1.4
Spellcasting   | |  2.4
Translocations | |  3.1

Action                   |  1- 3 |  4- 6 |  7- 9 || total
-------------------------+-------+-------+-------++-------
Melee: Falchion          |    94 |    81 |       ||   175
       Constrict         |    27 |    47 |     5 ||    79
       Tentacles         |    20 |    33 |     6 ||    59
       Dagger            |       |    64 |    33 ||    97
Throw: Boomerang         |       |     2 |     2 ||     4
 Cast: Shroud of Golubri |     2 |     1 |     3 ||     6
       Vampiric Draining |       |     5 |     1 ||     6
       Blink             |       |       |     1 ||     1
  Use: Scroll            |       |     4 |     2 ||     6
       Potion            |       |       |     2 ||     2
 Stab: Sleeping          |       |    10 |       ||    10
  Eat: Chunk             |     1 |    10 |     2 ||    13
Armor: Skin              |     7 |     7 |     5 ||    19
Dodge: Dodged            |    57 |    77 |    23 ||   157
       Rpst.: Falchion   |    17 |    11 |       ||    28

Table legend:
 A = Non-vault XP
 B = Vault XP
 C = Vault XP percentage of total XP
 D = Non-vault monster count
 E = Vault monster count
 F = Vault count percentage of total count
                 A         B        C        D         E       F
            +---------+---------+-------+---------+---------+-------
      Total |     547 |     305 |  35.8 |      92 |      18 |  16.4
            +---------+---------+-------+---------+---------+-------
        D:1 |      56 |       0 |   0.0 |      29 |       0 |   0.0
        D:2 |     168 |       2 |   1.2 |      32 |       1 |   3.0
        D:3 |      35 |      78 |  69.0 |      16 |       6 |  27.3
        D:4 |      96 |     105 |  52.2 |       9 |       2 |  18.2
        D:5 |     192 |       0 |   0.0 |       6 |       0 |   0.0
      Sewer |       0 |     120 | 100.0 |       0 |       9 | 100.0
            +---------+---------+-------+---------+---------+-------
